 Dungeon Crawl Stone Soup version 0.30.1-11-g7821555f0a (webtiles) character file.

Game seed: 8337029333302472267

5141 Ankhtithe the Geomancer (level 10, -19/69 HPs)
             Began as a Demigod Earth Elementalist on Oct 30, 2023.
             Shot with a sling bullet by Joseph (20 damage)
             ... on level 8 of the Dungeon on Nov 4, 2023.
             The game lasted 00:51:36 (7488 turns).

Ankhtithe the Geomancer (DgEE)                      Turns: 7488, Time: 00:51:37

Health: -19/69     AC:  6    Str:  9    XL:     10   Next: 11%
Magic:  21/24      EV: 12    Int: 29    God:
Gold:   338        SH:  0    Dex: 20    Spells: 18/22 levels left

rFire   + . .        s - staff of earth
rCold   + + .        (no shield)
rNeg    . . .        y - +2 leather armour {rC+}
rPois   +            (no helmet)
rElec   +            (no cloak)
rCorr   +            (no gloves)
SInv    .            n - +0 pair of boots
Will    +....        (no amulet)
Stlth   ++           j - ring of flight
HPRegen 0.31/turn    m - +6 ring of dexterity
MPRegen 0.19/turn

%: no passive effects
@: lethally poisoned (-19 -> -29), resistant, flying, very slightly
contaminated, slowed, very slow
A: high MP 1, forlorn, divine attributes
a: no special abilities


You were on level 8 of the Dungeon.
You visited 2 branches of the dungeon, and saw 9 of its levels.

You collected 463 gold pieces.
You spent 125 gold pieces at shops.

Inventory:

Hand Weapons
 f - a +0 dagger of flaming
 o - a +3 mace of holy wrath
 r - the +11 Singing Sword {sonic wave}
   (You found it on level 4 of the Dungeon)
 v - a +2 vampiric dagger
 C - a +2 shortbow of draining
 E - a -2 demon whip of venom
Missiles
 e - 9 poisoned darts (quivered)
 l - 2 throwing nets
Armour
 a - a +0 robe
 n - a +0 pair of boots (worn)
 y - a +2 leather armour of cold resistance (worn)
 D - a +0 robe of fire resistance
Magical Staves
 q - a staff of fire
 s - a staff of earth (weapon)
Jewellery
 j - a ring of flight (left hand)
 k - a ring of fire
 m - a +6 ring of dexterity (right hand)
 B - a +5 ring of evasion
Wands
 d - a wand of iceblast (11)
Scrolls
 h - 4 scrolls of teleportation
 u - 4 scrolls of enchant weapon
 w - 2 scrolls of poison
 x - 3 scrolls of fog
 A - a scroll of amnesia
 F - 5 scrolls of identify
Potions
 b - 2 potions of magic
 c - 5 potions of invisibility
 g - a potion of brilliance
 i - 2 potions of attraction
 p - 2 potions of haste
 t - a potion of mutation


   Skills:
 - Level 2.0 Dodging
 - Level 2.0 Stealth
 + Level 6.6 Spellcasting
 * Level 7.5 Conjurations
 - Level 1.0 Transmutations
 + Level 9.6 Earth Magic
 - Level 2.1 Evocations


You had 18 spell levels left.
You knew the following spells:

 Your Spells              Type           Power      Damage    Failure   Level
a - Sandblast             Erth           100%       2d20      1%          1
z - Stone Arrow           Conj/Erth      100%       3d13      1%          3

Your spell library contained the following spells:

 Spells                   Type           Power      Damage    Failure   Level
 Passwall                 Tmut/Erth      47%        N/A       1%          2
 Petrify                  Tmut/Erth      57%        N/A       9%          4


Dungeon Overview and Level Annotations

Branches:
Dungeon (8/15)             Temple (1/1) D:5
   Lair: D:8-11

Shops:
D:1 (   D:4 *

Annotations:
D:8 Joseph


Innate Abilities, Weirdness & Mutations

You have an increased reservoir of magic. (+10% MP)
You shall have no god before yourself.
Your divine heritage dramatically boosts your attributes as you level up.


Message History

The mass of ice explodes!
The iceblast engulfs the kobold brigand!!
The kobold brigand is severely wounded.
The iceblast engulfs Joseph!
Joseph is moderately wounded.
You feel very sick.
The kobold brigand throws a curare-tipped dart.
The curare-tipped dart completely misses you.
Joseph unwields a +0 quarterstaff.
Joseph wields a +2 sling.
Joseph shoots a sling bullet.
The sling bullet hits you!
The kobold brigand throws a curare-tipped dart.
The curare-tipped dart hits you.
You are lethally poisoned!
You have difficulty breathing.
You feel as though you will be slow longer.
Okay, then.
Aiming: Iceblast
Press: ? - help, Shift-Dir - straight line, f/p - kobold brigand
Aim: a kobold brigand, wielding a +0 dagger and quivering curare-tipped darts (severely wounded)
The mass of ice explodes!
The iceblast engulfs the kobold brigand!
You kill the kobold brigand!
The iceblast engulfs Joseph!
Joseph is moderately wounded.
* * * LOW HITPOINT WARNING * * *
You feel extremely sick.
Joseph shoots a sling bullet.
The sling bullet barely misses you.
You feel protected.
* * * LOW HITPOINT WARNING * * *
You feel extremely sick.
Joseph unwields a +2 sling.
Joseph wields a +0 quarterstaff.
Joseph completely misses you.
Okay, then.
Okay, then.
* * * LOW HITPOINT WARNING * * *
You feel very sick.
Joseph unwields a +0 quarterstaff.
Joseph wields a +2 sling.
Joseph shoots a sling bullet.
The sling bullet closely misses you.
Joseph shoots a sling bullet.
The sling bullet hits you!!
You die...

#...########)###
..............#
##.######.....###
#.........#
#.#.....#.#
#.#.....#.##
#...........
#.#.....#.##
#.##...@#.#
..#####.# ##.#
#@# #.# #)..# #..
....K)# ##
##.#.#..#
#......@.
#.#.#.#.. #......
.


You could see Joseph.

Vanquished Creatures
  A two-headed ogre (D:5)
  Amaemon (D:8)
  An orange demon (D:8)
  Sigmund (D:6)
  Eustachio (D:6)
  A steam dragon (D:8)
  Menkaure (D:6)
  2 orc warriors
  A black bear (D:7)
  An ice beast (D:6)
  2 ogres (D:5)
  2 sky beasts (D:6)
  3 centaurs
  3 phantoms (D:5)
  A kobold brigand (D:8)
  2 bullfrogs
  6 scorpions
  4 wights (D:7)
  9 killer bees (D:7)
  A howler monkey (D:8)
  4 orc priests
  4 hounds (D:5)
  3 jellies
  A sleepcap (D:7)
  6 iguanas
  Terence (D:2)
  5 orc wizards
  4 adders
  A shadow imp (D:6)
  An ufetubus (D:7)
  2 worms
  23 orcs
  7 ball pythons
  6 endoplasms
  7 giant cockroaches
  4 hobgoblins
  11 kobolds
  2 quokkas
  9 bats
  2 frilled lizards (D:1)
  7 goblins
  17 rats
  A spectral orc (D:4)
172 creatures vanquished.

Notes
Turn   | Place    | Note
-------+----------+-------------------------------------------
     0 | D:1      | Ankhtithe the Demigod Earth Elementalist began the quest
                  | for the Orb.
     0 | D:1      | Reached XP level 1. HP: 14/14 MP: 5/5
    61 | D:1      | Found Dorronuh's Antique Weapon Emporium.
   101 | D:1      | Reached skill level 1 in Transmutations
   345 | D:1      | Reached XP level 2. HP: 20/20 MP: 7/7
   496 | D:1      | Reached skill level 3 in Earth Magic
  1069 | D:2      | Reached XP level 3. HP: 26/26 MP: 4/8
  1157 | D:2      | Noticed Terence
  1166 | D:2      | Killed Terence
  2019 | D:3      | Reached XP level 4. HP: 33/33 MP: 8/10
  2117 | D:3      | Reached skill level 4 in Earth Magic
  2127 | D:3      | Learned a level 3 spell: Stone Arrow
  2751 | D:4      | Reached skill level 1 in Conjurations
  2820 | D:4      | Reached XP level 5. HP: 15/38 MP: 6/12
  3006 | D:4      | Found Wiucragg's CLEARANCE SALE!.
  3023 | D:4      | Bought a staff of earth for 125 gold pieces
  3191 | D:4      | Reached skill level 1 in Evocations
  3191 | D:4      | Reached XP level 6. HP: 5/45 MP: 9/13
  3333 | D:4      | Found the +11 Singing Sword {sonic wave}
  3836 | D:4      | Reached skill level 5 in Earth Magic
  3879 | D:4      | Reached XP level 7. HP: 50/50 MP: 13/15
  4180 | D:5      | Entered Level 5 of the Dungeon
  4244 | D:5      | Found a staircase to the Ecumenical Temple.
  4454 | D:5      | Noticed a two-headed ogre
  4468 | D:5      | Killed a two-headed ogre
  4469 | D:5      | Reached skill level 7 in Earth Magic
  4469 | D:5      | Reached XP level 8. HP: 33/57 MP: 10/18
  4641 | D:5      | Identified the +3 flail "Cabexat" {protect, Int+6}
  4870 | D:5      | Reached skill level 5 in Spellcasting
  5056 | Temple   | Entered the Ecumenical Temple
  5131 | D:6      | Reached skill level 5 in Conjurations
  5332 | D:6      | Reached skill level 8 in Earth Magic
  5442 | D:6      | Noticed Sigmund
  5455 | D:6      | Killed Sigmund
  5456 | D:6      | Reached XP level 9. HP: 56/62 MP: 15/20
  5589 | D:6      | Noticed Eustachio
  5597 | D:6      | Killed Eustachio
  5620 | D:6      | Noticed Menkaure
  5632 | D:6      | Killed Menkaure
  6389 | D:7      | Reached skill level 9 in Earth Magic
  7306 | D:8      | Noticed Amaemon
  7306 | D:8      | Noticed an orange demon
  7313 | D:8      | Killed an orange demon
  7314 | D:8      | Killed Amaemon
  7315 | D:8      | Reached XP level 10. HP: 69/69 MP: 23/23
  7479 | D:8      | Noticed Joseph
  7488 | D:8      | HP: 1/69 [poisoned by a kobold brigand (curare-tipped
                  | dart)]
  7488 | D:8      | Shot with a sling bullet by Joseph

Illustrated notes

Levels and vault maps discovered:
D:1:      lemuel_arrival_tunnels, layout_loops_ring, serial_shops, shop,
          minmay_rat_gold_closets
D:2:      layout_loops_ring, basic_altar, chequers_ecumenical_altar_island,
          uniq_terence
D:3:      layout_rooms
D:4:      old_forge, layout_loops_corners, yredelemnul_forgotten_temple_becter,
          grunt_temple_overflow_open, nicolae_shop_clearance
D:5:      layout_loops_cross, temple_pool_b
D:6:      layout_cave_pods, grunt_decor_resistance,
          hangedman_abyss_or_decor_lesser_grid,
          nicolae_concentric_dashed_squares_wild, uniq_sigmund, uniq_menkaure,
          uniq_eustachio
D:7:      layout_basic
D:8:      kennysheep_steamy, layout_loops_ring, lair_entry_dummy, serial_glass,
          glass_columns_a, glass_columns_c, glass_columns_a, glass_columns_b,
          glass_columns_a, minmay_shop_grid_forest, skrybe_limestone_x,
          minmay_quadrilaterals, uniq_prince_ribbit1, uniq_joseph,
          uniq_gastronok, uniq_amaemon
Temple:   eino_temple_water

Skill      XL: |  1  2  3  4  5  6  7  8  9 |
---------------+----------------------------+-----
Transmutations | 1 |  1.0
Stealth        | 2 |  2.0
Dodging        | 2 |  2.0
Spellcasting   | 2 3 4 5 6 |  6.6
Earth Magic    | 3 4 5 7 8 9 |  9.6
Conjurations   | 1 2 3 4 5 7 |  7.5
Evocations     | 1 2 |  2.1

Action                     |  1- 3 |  4- 6 |  7- 9 | 10-12 || total
---------------------------+-------+-------+-------+-------++-------
  Melee: Short sword       |   146 |    19 |       |       ||   165
         Punch             |     5 |     1 |       |       ||     6
         Mace              |       |     8 |       |       ||     8
         Staff             |       |    22 |     3 |    13 ||    38
         Double sword      |       |     7 |       |       ||     7
  Throw: Dart              |     2 |     1 |     1 |       ||     4
   Cast: Sandblast         |    32 |    58 |    93 |     5 ||   188
         Stone Arrow       |       |       |    28 |     1 ||    29
  Evoke: Wand              |       |       |     5 |     2 ||     7
    Use: Scroll            |     4 |     2 |    10 |       ||    16
         Potion            |       |     3 |       |     1 ||     4
   Stab: Sleeping          |     8 |     2 |       |       ||    10
         Held in net/web   |       |     1 |       |       ||     1
 Armour: Robe              |    37 |    16 |     1 |       ||    54
         Leather armour    |       |       |    11 |     5 ||    16
  Dodge: Dodged            |    93 |    57 |    48 |    11 ||   209
